 Dungeon Crawl Stone Soup version 0.30-a0-918-g0ff054e9dc (webtiles) character file.

Game seed: 3780477038297465833

273 Pimp the Ducker (level 6, -2/48 HPs)
             Began as a Merfolk Gladiator on Mar 20, 2023.
             Killed from afar by a steam dragon (16 damage)
             ... with a ball of steam
             ... on level 4 of the Dungeon.
             The game lasted 00:07:52 (2991 turns).

Pimp the Ducker (Merfolk Gladiator)                 Turns: 2991, Time: 00:07:54

Health: -2/48      AC:  7    Str: 13 (16) XL:     6   Next: 24%
Magic:  6/6        EV: 10    Int:  7 (8)  God:
Gold:   133        SH:  5    Dex: 13 (15) Spells: 5/5 levels left

rFire   . . .      SeeInvis .    a - +1 trident (flame)
rCold   . . .      Faith    .    (no shield)
rNeg    . . .      Spirit   .    i - +0 scale mail
rPois   .          Reflect  +    c - +0 helmet
rElec   .          Rampage  .    (no cloak)
rCorr   .                        (no gloves)
Will    .....                    (no boots) Stlth
                                 h - amulet of reflection
HPRegen 0.28/turn                (no ring)
MPRegen 0.10/turn                (no ring)

@: no status effects
A: (nimble swimmer 2), mertail
a: no special abilities


You were on level 4 of the Dungeon.
You visited 1 branch of the dungeon, and saw 4 of its levels.

You collected 133 gold pieces.

Inventory:

Hand Weapons
 a - a +1 trident of flaming (weapon)
Missiles
 d - 3 throwing nets (quivered)
 e - a javelin
 k - 6 curare-tipped darts
Armour
 b - a +0 leather armour
 c - a +0 helmet (worn)
 i - a +0 scale mail (worn)
 s - an orb of light
Jewellery
 f - an amulet of guardian spirit
 h - an amulet of reflection (around neck)
Wands
 u - a wand of digging (7)
Scrolls
 g - 2 scrolls of identify {unknown}
 j - a scroll of fog {unknown}
 l - a scroll of fear {unknown}
 m - 2 scrolls of poison
 n - 2 scrolls of torment {unknown}
 p - 2 scrolls of blinking {unknown}
Potions
 q - a potion of curing
 r - a potion of cancellation {unknown}
 t - a potion of invisibility {unknown}


   Skills:
 + Level 3.9 Fighting
 + Level 5.6 Polearms
 + Level 3.5 Throwing
 + Level 5.6 Dodging


You had 5 spell levels left.
You didn't know any spells.
Your spell library contained the following spells:

 Spells                   Type           Power      Damage    Failure   Level
 Beastly Appendage        Tmut           0%         N/A       93%         1
 Wereblood                Tmut           0%         N/A       98%         2
 Inner Flame              Hex/Fire       0%         N/A       100%        3
 Spider Form              Tmut/Pois      0%         N/A       100%        3
 Flame Wave               Conj/Fire      0%         2d4       100%        4
 Sticky Flame             Conj/Fire      0%         2d3       100%        4


Dungeon Overview and Level Annotations

Branches:
Dungeon (4/15)
 Temple: D:4-7

Altars:


Innate Abilities, Weirdness & Mutations

((You are very nimble when in or above water. (Stealth+, EV+, Speed+++)))
Your lower body shifts to a powerful aquatic tail in water.


Message History

You see here a +0 club.
The ball python hisses angrily.
You hit the steam dragon. You burn the steam dragon.
The steam dragon is moderately wounded.
The dart slug launches a dart at you. The slug dart hits you.
The steam dragon bites you. The steam dragon claws you.
You hit the steam dragon. You burn the steam dragon.
The steam dragon is heavily wounded.
The steam dragon bites you.
The steam dragon claws you but does no damage.
You hit the steam dragon. You burn the steam dragon.
The steam dragon is severely wounded.
The steam dragon barely misses you. x2
You closely miss the steam dragon.
The steam dragon is severely wounded.
The dart slug bites you but does no damage.
The steam dragon bites you. The steam dragon barely misses you.
You closely miss the steam dragon.
The steam dragon is severely wounded.
The steam dragon bites you.
* * * LOW HITPOINT WARNING * * *
The steam dragon claws you.
* * * LOW HITPOINT WARNING * * *
The dart slug launches a dart at you.
The slug dart hits you but does no damage.
You feel better. The steam dragon bites you.
You block the steam dragon's attack.
Unknown command.
You closely miss the steam dragon.
The steam dragon is severely wounded.
The dart slug bites you. The steam dragon bites you.
The steam dragon claws you.
* * * LOW HITPOINT WARNING * * *
It was a potion of degeneration.
There was something very wrong with that liquid.
You feel weakened.
You feel dopey.
You feel clumsy.
The dart slug bites you but does no damage.
The steam dragon breathes steam at you. The ball of steam hits you!
You die...

#...##############
.............+...#
.............#...# .
.............#...# ..
.............#...#...
.............#.....
............##..#
########).......w#
#........#.#.#.#@#
#........#.#.#.#D#
.........#.#.#.#S#
........#.#.#.#.#.
........#### # # #
............
.............
############.. .


You could see a steam dragon (catching breath), a dart slug and a ball python.

Vanquished Creatures
  A black bear (D:3)
  Jessica (D:2)
  Natasha (twice) (D:3)
  4 adders
  A white imp (D:4)
  2 dart slugs
  An orc (D:3)
  6 ball pythons
  4 bats
  6 endoplasms
  2 giant cockroaches (D:1)
  8 goblins
  4 hobgoblins
  3 quokkas (D:2)
  8 frilled lizards
  6 kobolds
  8 rats
67 creatures vanquished.

Vanquished Creatures (others)
  2 plants (D:1)
2 creatures vanquished.

Grand Total: 69 creatures vanquished

Notes
Turn   | Place    | Note
-------+----------+-------------------------------------------
     0 | D:1      | Pimp the Merfolk Gladiator began the quest for the Orb.
     0 | D:1      | Reached XP level 1. HP: 16/16 MP: 1/1
   111 | D:1      | Reached XP level 2. HP: 23/23 MP: 2/2
   514 | D:1      | Reached XP level 3. HP: 28/28 MP: 3/3
   868 | D:1      | Found a faded altar of an unknown god.
  1164 | D:2      | Noticed Jessica
  1168 | D:2      | Killed Jessica
  1169 | D:2      | Reached XP level 4. HP: 20/35 MP: 4/4
  2505 | D:3      | Noticed a black bear
  2524 | D:3      | Killed a black bear
  2525 | D:3      | Reached skill level 5 in Polearms
  2525 | D:3      | Reached skill level 5 in Dodging
  2525 | D:3      | Reached XP level 5. HP: 27/42 MP: 5/5
  2665 | D:3      | Noticed Natasha
  2683 | D:3      | Killed Natasha
  2684 | D:3      | Reached XP level 6. HP: 29/48 MP: 6/6
  2707 | D:3      | Noticed Natasha
  2717 | D:3      | Killed Natasha
  2977 | D:4      | Noticed a steam dragon
  2991 | D:4      | Killed from afar by a steam dragon

Illustrated notes

Levels and vault maps discovered:
D:1:      spicycebolla_arrival_clurvy, layout_basic,
          shapermc_ecumenical_altar_mp_vishouse, chequers_big_river
D:2:      layout_basic, chequers_serial_rivers_micro_a, grunt_ministairs_15,
          uniq_jessica
D:3:      layout_basic, kennysheep_generic_room_2, uniq_natasha
D:4:      layout_gridville, marbit_many_paths, serial_shops,
          kennysheep_mini_moat, nicolae_shop_stone,
          chequers_serial_rivers_micro_b, minmay_manual_maat,
          uniq_crazy_yiuf_cottage

Skill      XL: |  1  2  3  4 |
---------------+-------------+-----
Fighting       | 3 |  3.9
Polearms       | 5 |  5.6
Throwing       | 3 |  3.5
Dodging        | 5 |  5.6

Action                     |  1- 3 |  4- 6 || total
---------------------------+-------+-------++-------
  Melee: Trident           |    87 |   107 ||   194
         Tailslap          |     1 |     5 ||     6
         Punch             |     1 |     1 ||     2
    Use: Scroll            |       |     5 ||     5
         Potion            |       |     5 ||     5
 Armour: Leather armour    |     2 |       ||     2
         Scale mail        |    36 |    42 ||    78
  Dodge: Dodged            |    54 |    74 ||   128
  Block: Other             |       |    22 ||    22

Table legend: (Time is in decaauts)
 A = Elapsed time spent in this place.
 B = Non-inter-level travel time spent in this place.
 C = Inter-level travel time spent in this place.
 D = Time resting spent in this place.
 E = Time spent auto-exploring this place.
 F = Levels seen in this place.
 G = Mean time per level.
                   A        B        C        D        E       F      G
               +--------+--------+--------+--------+--------+-----+--------+
         Total |   2987 |   2827 |    160 |    292 |   1916 |   4 |  746.8 |
       Dungeon |   2987 |   2827 |    160 |    292 |   1916 |   4 |  746.8 |
               +--------+--------+--------+--------+--------+-----+--------+

Top non-repeatable levels by time:
     D:2: 1096 daAuts
     D:3: 929 daAuts
     D:1: 880 daAuts
     D:4: 80 daAuts
